 Dungeon Crawl Stone Soup version 0.29-a0-284-gf9362112df (webtiles) character file.

Game seed: 162991979522392006

8619 Rohain the Thaumaturge (level 11, -1/74 HPs)
             Began as a Grey Draconian Conjurer on Mar 31, 2022.
             Was a Believer of Vehumet.
             Slain by a balrug
             ... wielding a +1 demon whip of electrocution
              (17 damage)
             ... in a Gauntlet.
             The game lasted 00:41:18 (14273 turns).

Rohain the Thaumaturge (Grey Draconian Conjurer)   Turns: 14273, Time: 00:41:18

Health: -1/74      AC: 25    Str: 10    XL:     11   Next: 12%
Magic:  26/26      EV: 12    Int: 23    God:    Vehumet [**....]
Gold:   585        SH:  0    Dex:  9    Spells: 14/32 levels left

rFire   . . .      SeeInvis .   c - +4 dagger
rCold   . . .      Faith    .   (no shield)
rNeg    . . .      Spirit   .   (body armour unavailable)
rPois   .          Reflect  .   (helmet restricted)
rElec   .          Harm     .   o - +0 cloak
rCorr   .          Rampage  .   e - +0 pair of gloves
Will    .....      NoTele   +   t - +2 pair of boots
Stlth   ++........              (no amulet)
HPRegen 0.22/turn               j - +4 ring of protection
MPRegen 0.20/turn               k - +4 ring of protection

@: no status effects
A: AC +12, amphibious, unfitting armour, cold-blooded
a: Renounce Religion


You were in a Gauntlet.
You worshipped Vehumet.
Vehumet was pleased with you.
You visited 2 branches of the dungeon, and saw 12 of its levels.
You also visited: Bailey and Gauntlet.

You collected 622 gold pieces.
You spent 37 gold pieces at shops.

Inventory:

Hand Weapons
 c - a +4 dagger (weapon)
 p - the +5 hunting sling "Xeurid" {freeze, rF+}
   (You found it on level 4 of the Dungeon)

   Any ammunition fired from it freezes those it strikes, dealing additional
   cold damage.
   It can also slow down cold-blooded creatures.
   rF:        It protects you from fire.
Missiles
 u - 12 curare-tipped darts
 G - 129 stones
 H - 2 throwing nets
Armour
 e - a +0 pair of gloves (worn)
 o - a +0 cloak (worn)
 t - a +2 pair of boots (worn)
 B - a scarf of shadows
 I - the +2 hat "Ronallocw" {Str+5}
   (You found it in a Gauntlet)

   Str:       It affects your strength (+5).
Jewellery
 j - a +4 ring of protection (left hand)
 k - a +4 ring of protection (right hand)
 s - a ring of ice
Wands
 m - a wand of flame (41)
 r - a wand of polymorph (12)
 E - a wand of paralysis (7)
 F - a wand of charming (2)
Scrolls
 b - a scroll of immolation
 n - 3 scrolls of teleportation
 v - 3 scrolls of identify
 w - a scroll of magic mapping
 x - a scroll of amnesia
 y - a scroll of blinking
 A - a scroll of vulnerability
 D - a scroll of enchant armour
Potions
 a - 3 potions of magic
 d - 3 potions of lignification
 f - a potion of attraction {unknown}
 g - 5 potions of curing
 h - 2 potions of flight {unknown}
 i - a potion of heal wounds
 l - a potion of experience {unknown}
 q - 2 potions of might
 z - a potion of berserk rage {unknown}
 C - a potion of haste {unknown}


   Skills:
 - Level 1.7 Dodging
 - Level 1.7 Stealth
 + Level 11.0 Spellcasting
 + Level 10.0 Conjurations
 + Level 8.5 Earth Magic
 - Level 5.0 Poison Magic
 + Level 0.6 Evocations


You had 14 spell levels left.
You knew the following spells:

 Your Spells              Type           Power      Damage    Failure   Level
a - Magic Dart            Conj           100%       1d8       1%          1
b - Searing Ray           Conj           100%       2d8       1%          2
c - Poisonous Vapours     Pois/Air       48%        N/A       2%          2
d - Iron Shot             Conj/Erth      26%        9d6       17%         6
e - Dazzling Flash        Conj/Hex       70%        N/A       1%          3
f - Sandblast             Erth           100%       2d20      1%          1
g - Stone Arrow           Conj/Erth      100%       3d13      1%          3

Your spell library contained the following spells:

 Spells                   Type           Power      Damage    Failure   Level
 Sting                    Tmut/Pois      96%        1d7       1%          1
 Pain                     Necr           48%        1d6       4%          1
 Lee's Rapid Deconstruct  Erth           25%        3d15*     4%          5
 Fulminant Prism          Conj/Hex       17%        3d11      6%          4
 Iskenderun's Mystic Bla  Conj/Tloc      35%        2d8       6%          4
 Olgreb's Toxic Radiance  Pois           35%        N/A       6%          4
 Blink                    Tloc           24%        N/A       8%          2
 Corpse Rot               Necr/Air       24%        N/A       8%          2
 Sublimation of Blood     Necr           12%        N/A       8%          2
 Wereblood                Tmut           12%        N/A       8%          2
 Leda's Liquefaction      Hex/Erth       16%        N/A       9%          4
 Gell's Gravitas          Tloc           12%        N/A       16%         3
 Lesser Beckoning         Tloc           12%        N/A       16%         3
 Teleport Other           Tloc           12%        N/A       16%         3
 Agony                    Necr           12%        N/A       80%         5
 Blade Hands              Tmut           6%         N/A       80%         5
 Excruciating Wounds      Necr           6%         N/A       80%         5
 Manifold Assault         Tloc           12%        N/A       80%         5
 Statue Form              Tmut/Erth      21%        N/A       80%         6
 Summon Hydra             Summ           6%         N/A       100%        7
 Animate Armour           Summ/Erth      Unusable   N/A       N/A         4

Dungeon Overview and Level Annotations

Branches:
Dungeon (11/15)            Temple (1/1) D:7            Lair (0/6) D:10
    Orc (0/2) D:9          Bailey (visited)         Gauntlet (1/1)

Altars:
Ashenzari
Cheibriados
Dithmenos
Elyvilon
Fedhas
Hepliaklqana
Kikubaaqudgha
Makhleb
Qazlal
Sif Muna
Vehumet
Wu Jian
Xom
Yredelemnul
Zin
The Shining One

Shops:
D:8 *   D:10 *   D:11 (

Annotations:
D:4 1 runed translucent door, Crazy Yiuf
D:10 2 transporters, jlumianski's ghost, novice DsFi Gauntlet 10 transporters


Innate Abilities, Weirdness & Mutations

Your dull iron-grey scales are very hard. (AC +12)
You are amphibious.
You cannot fit into any form of body armour.
You are cold-blooded and may be slowed by cold attacks.


Message History

Found a transporter.
Found a transporter.
The flying skull gives a hideous shriek! x2
You hear a hideous shriek! x2
The flying skull gives a hideous shriek!
Found a cloak.
Found a transporter.
Partly explored, unvisited transporter.
Partly explored, unvisited transporter.
The jelly quivers.
The cacodemon shouts!
The neqoxec shouts!
The balrug shouts!
Press: ? - help, v - describe, . - travel, g - get item Item here: a brightly glowing hat.
The floor.
There is a transporter here.
You enter the transporter and appear at another place.
You see here the +2 hat "Ronallocw" {Str+5}.
I - the +2 hat "Ronallocw" {Str+5} The balrug hits you with a +1 demon whip of electrocution!
You are engulfed in flames!!
The balrug gestures at you.
The sticky flame hits you but does no damage.
You are covered in liquid flames!
You see here an inky potion.
You are covered in liquid flames!
There is a transporter here.
You enter the transporter and appear at another place.
You are covered in liquid flames!
The balrug hits you but does no damage. The balrug attacks as you move away!
The balrug hits you but does no damage.
You are covered in liquid flames!
Okay, then.
You feel much better. The balrug hits you but does no damage.
The balrug hits you with a +1 demon whip of electrocution!!
You are engulfed in flames!
* * * LOW HITPOINT WARNING * * *
You are electrocuted!
You die...

###..#.........#...#...###
#8#..#....©....#...#.###©.
###..#.........#...#.#...#
#..#.........#...#...###
###..#.........#...#.###..
#8#..#..323....#...#......
###..###########...#######
#.....#.©.#....§........
###...8.#@2.#...§8≈.......
#8#.....#.©.#...§§........
###..###########§..#######
#..#...!©!$..#...#hhhy©=
###..#^P....PP^#...#..##.#
#8#..#.^#...#P.#...#.#..#.
###..#.....P...#...#.#..#.
#..#....©....#...#.^####
###..#^P.P..P..#...#.#..#©


You could see a cacodemon, a balrug and 2 neqoxecs.

Vanquished Creatures
  A kobold demonologist (D:9)
  4 trolls
  Grinder (D:5)
  A hornet (D:7)
  6 wyverns
  A basilisk (D:10)
  4 yaks
  A wraith (D:10)
  Grum (D:8)
  3 steam dragons
  An acid dragon (D:10)
  Duvessa (D:6)
  3 water moccasins
  9 orc warriors
  An ice beast (D:7)
  2 sky beasts
  A black bear (D:5)
  An ogre (D:6)
  2 centaurs (D:8)
  2 wolves (D:8)
  3 phantoms
  7 kobold brigands
  2 gnoll sergeants (D:6)
  A necrophage (D:4)
  2 scorpions (D:5)
  Dowan (D:6)
  13 killer bees
  4 howler monkeys
  A gnoll shaman (D:10)
  4 hounds
  4 orc priests
  4 iguanas
  Ijyb (D:4)
  8 orc wizards
  11 gnolls
  11 adders
  A shadow imp (D:8)
  A white imp (D:6)
  2 ufetubi
  3 worms
  3 dart slugs
  43 orcs
  7 ball pythons
  6 endoplasms
  3 giant cockroaches (D:1)
  6 hobgoblins
  5 quokkas
  4 bats
  3 frilled lizards
  12 goblins
  32 kobolds
  5 rats
259 creatures vanquished.

Vanquished Creatures (others)
  A bush (D:10)
  6 demonic plants (Gauntlet)
  3 fungi (D:10)
  19 plants (D:10)
29 creatures vanquished.

Grand Total: 288 creatures vanquished

Notes
Turn   | Place    | Note
-------+----------+-------------------------------------------
     0 | D:1      | Rohain the Draconian Conjurer began the quest for the Orb.
     0 | D:1      | Reached XP level 1. HP: 14/14 MP: 3/3
   289 | D:1      | Reached XP level 2. HP: 20/20 MP: 1/5
   345 | D:1      | Learned a level 2 spell: Searing Ray
   730 | D:1      | Found a faded altar of an unknown god.
   902 | D:1      | Reached XP level 3. HP: 26/26 MP: 2/6
  1174 | D:2      | Reached skill level 5 in Conjurations
  2123 | D:3      | Reached XP level 4. HP: 33/33 MP: 3/7
  2633 | D:3      | Reached skill level 3 in Spellcasting
  3135 | D:4      | Noticed a phantom
  3148 | D:4      | Killed a phantom
  3149 | D:4      | Reached XP level 5. HP: 38/38 MP: 0/10
  3312 | D:4      | Found a runed translucent door.
  3313 | D:4      | Noticed Crazy Yiuf
  3383 | D:4      | Reached skill level 4 in Spellcasting
  3749 | D:4      | Noticed Ijyb
  3750 | D:4      | Paralysed by Ijyb for 3 turns
  3756 | D:4      | Paralysed by Ijyb for 7 turns
  3763 | D:4      | Killed Ijyb
  3860 | D:4      | Reached XP level 6. HP: 45/45 MP: 8/12
  3907 | D:4      | Identified the +5 hunting sling "Xeurid" {freeze, rF+}
  3928 | D:4      | Found a basalt altar of Yredelemnul.
  4199 | D:5      | Entered Level 5 of the Dungeon
  4203 | D:5      | Noticed Grinder
  4281 | D:4      | Learned a level 2 spell: Poisonous Vapours
  4306 | D:4      | Reached skill level 1 in Poison Magic
  4775 | D:5      | Paralysed by Grinder for 4 turns
  4785 | D:5      | Killed Grinder
  4786 | D:5      | Reached skill level 5 in Spellcasting
  4786 | D:5      | Your scales start taking on a dull iron-grey colour.
  4786 | D:5      | Reached XP level 7. HP: 50/50 MP: 6/15
  5168 | D:6      | Noticed Dowan
  5170 | D:6      | Noticed Duvessa
  5178 | D:6      | Killed Duvessa
  5184 | D:6      | Killed Dowan
  5185 | D:6      | Reached skill level 6 in Spellcasting
  5629 | D:6      | Reached XP level 8. HP: 46/57 MP: 5/17
  5635 | D:6      | Reached skill level 1 in Earth Magic
  5767 | D:6      | Learned a level 6 spell: Iron Shot
  6761 | D:7      | Found a flagged portal.
  6766 | Bailey   | Entered a bailey
  6881 | Bailey   | Learned a level 3 spell: Dazzling Flash
  6900 | Bailey   | Reached skill level 7 in Spellcasting
  7183 | Bailey   | Identified the +3 leather armour of the King of the Hill
                  | {rPois Regen+ Slay+3}
  7329 | Bailey   | Reached XP level 9. HP: 44/62 MP: 4/20
  7430 | Bailey   | Found a burning altar of Makhleb.
  8138 | D:7      | Reached skill level 8 in Spellcasting
  8138 | D:7      | Reached skill level 5 in Poison Magic
  8218 | D:7      | Reached skill level 5 in Earth Magic
  8612 | D:7      | Found a staircase to the Ecumenical Temple.
  8621 | Temple   | Entered the Ecumenical Temple
  8861 | Temple   | Became a worshipper of Vehumet
  8932 | D:8      | Noticed Grum
  8943 | D:8      | Killed Grum
  9453 | D:8      | Reached skill level 9 in Spellcasting
 10115 | D:8      | Found Eqoos's CLEARANCE SALE!.
 10135 | D:8      | Bought a potion of might for 20 gold pieces
 10226 | D:9      | Reached XP level 10. HP: 68/69 MP: 9/23
 10896 | D:9      | Found a staircase to the Orcish Mines.
 11013 | D:9      | Reached * piety under Vehumet
 11013 | D:9      | Offered knowledge of Sandblast by Vehumet.
 11018 | D:9      | Learned a level 1 spell: Sandblast
 11076 | D:8      | Bought 14 stones for 7 gold pieces
 11076 | D:8      | Bought 21 stones for 10 gold pieces
 11555 | D:10     | Entered Level 10 of the Dungeon
 11722 | D:10     | Reached skill level 10 in Spellcasting
 12633 | D:10     | Found a transporter.
 12637 | D:10     | Noticed a wolf spider
 12638 | D:10     | Noticed jlumianski's ghost (novice DsFi)
 12639 | D:10     | Noticed a two-headed ogre
 12643 | D:10     | Noticed a skeletal warrior
 12718 | D:10     | Found a transporter.
 12780 | D:10     | Offered knowledge of Freeze by Vehumet.
 12904 | D:10     | Reached ** piety under Vehumet
 13020 | D:10     | Found a staircase to the Lair.
 13057 | D:10     | Found Yluarcham's Changing Room.
 13121 | D:10     | Reached XP level 11. HP: 74/74 MP: 18/25
 13406 | D:10     | Reached skill level 11 in Spellcasting
 13408 | D:10     | Offered knowledge of Stone Arrow by Vehumet.
 13411 | D:10     | Reached skill level 10 in Conjurations
 13698 | D:9      | Learned a level 3 spell: Stone Arrow
 13840 | D:11     | Found Xeakeho's Weapon Emporium.
 14027 | D:11     | Found a gate leading to a gauntlet.
 14038 | Gauntlet | Entered a Gauntlet
 14038 | Gauntlet | Noticed a balrug
 14038 | Gauntlet | Found a transporter.
 14038 | Gauntlet | Found a transporter.
 14039 | Gauntlet | Found a transporter.
 14039 | Gauntlet | Found a transporter.
 14042 | Gauntlet | Found a transporter.
 14053 | Gauntlet | Found a transporter.
 14071 | Gauntlet | Noticed a cacodemon
 14079 | Gauntlet | Found a transporter.
 14079 | Gauntlet | Found a transporter.
 14142 | Gauntlet | Found a transporter.
 14152 | Gauntlet | Noticed a death scarab
 14162 | Gauntlet | Found a transporter.
 14167 | Gauntlet | Found a transporter.
 14182 | Gauntlet | Found a transporter.
 14267 | Gauntlet | Identified the +2 hat "Ronallocw" {Str+5}
 14273 | Gauntlet | Slain by a balrug

Illustrated notes

Levels and vault maps discovered:
D:1:      eino_arrival_water_star, layout_rooms, basic_ecumenical_altar
D:2:      layout_basic, minmay_split_cup_small
D:3:      layout_rooms, minmay_checkerbox
D:4:      layout_basic, nicolae_overflow_crystal_walls, uniq_ijyb,
          uniq_crazy_yiuf_cottage
D:5:      layout_rooms, uniq_grinder
D:6:      layout_loops_ring, uniq_duvessa
D:7:      layout_basic, lemuel_temple_firewalk_b, enter_bailey_3,
          minmay_quadrilaterals
D:8:      layout_basic, nicolae_shop_clearance, uniq_grum
D:9:      layout_loops_ring, orc_0_dummy, grunt_decor_clamped
D:10:     layout_rooms, minmay_lair_entry_grove, special_room
          [special_room_orc], gammafunk_ghost_arena, nicolae_transmutations_shop
D:11:     layout_irregular_city, serial_shops, shop, gauntlet_entry_generic,
          fedhas_altar_2
Temple:   mainiacjoe_temple_trianglar_array
Gauntlet: gammafunk_gauntlet_shortcut [gammafunk_gauntlet_arena_hedges,
          gammafunk_gauntlet_arena_open, nicolae_gauntlet_arena_quarters,
          gammafunk_gauntlet_arena_spirals, gammafunk_gauntlet_arena_chambers,
          nicolae_gauntlet_arena_grate_2, gauntlet_exit_hidden_loot]

Skill      XL: |  1  2  3  4  5  6  7  8  9 10 11 |
---------------+----------------------------------+-----
Conjurations   | 5 6 7 8 9 10 | 10.0
Spellcasting   | 3 4 5 6 7 9 10 11 | 11.0
Poison Magic   | 2 3 4 5 |  5.0
Earth Magic    | 3 6 8 |  8.5
Dodging        | |  1.7
Stealth        | |  1.7
Evocations     | |  0.6

Action                   |  1- 3 |  4- 6 |  7- 9 | 10-12 || total
-------------------------+-------+-------+-------+-------++-------
Melee: Unarmed           |    20 |       |       |       ||    20
       Tailslap          |     1 |     2 |    10 |     3 ||    16
       Dagger            |     2 |    11 |    86 |    18 ||   117
       Punch             |       |       |     3 |       ||     3
 Cast: Magic Dart        |    72 |    86 |   147 |    82 ||   387
       Searing Ray       |     4 |     7 |    33 |    24 ||    68
       Poisonous Vapours |       |     6 |    62 |    30 ||    98
       Sandblast         |       |       |       |    57 ||    57
       Dazzling Flash    |       |       |       |     4 ||     4
       Stone Arrow       |       |       |       |    12 ||    12
Evoke: Wand              |       |     2 |     2 |       ||     4
  Use: Scroll            |     5 |     3 |     5 |     1 ||    14
       Potion            |       |       |     3 |     1 ||     4
 Stab: Sleeping          |     1 |       |       |       ||     1
Armor: Skin              |    12 |    21 |   137 |    88 ||   258
Dodge: Dodged            |    19 |    16 |   132 |    95 ||   262

Table legend: (Time is in decaauts)
 A = Elapsed time spent in this place.
 B = Non-inter-level travel time spent in this place.
 C = Inter-level travel time spent in this place.
 D = Time resting spent in this place.
 E = Time spent auto-exploring this place.
 F = Levels seen in this place.
 G = Mean time per level.
                   A        B        C        D        E       F      G
               +--------+--------+--------+--------+--------+-----+--------+
         Total |  14303 |  13411 |    892 |   2628 |   8340 |  14 | 1021.6 |
       Dungeon |  13075 |  12220 |    855 |   2178 |   7974 |  11 | 1188.6 |
        Temple |    277 |    240 |     37 |      0 |    231 |   1 |  277.0 |
        Bailey |    715 |    715 |      0 |    450 |     27 |   1 |  715.0 |
      Gauntlet |    234 |    234 |      0 |      0 |    108 |   1 |  234.0 |
               +--------+--------+--------+--------+--------+-----+--------+

Top non-repeatable levels by time:
     D:9: 1914 daAuts
     D:4: 1625 daAuts
     D:6: 1555 daAuts
     D:8: 1530 daAuts
     D:7: 1345 daAuts
    D:10: 1230 daAuts
     D:2: 1155 daAuts
     D:1: 1039 daAuts
     D:3: 764 daAuts
  Bailey: 715 daAuts
     D:5: 715 daAuts
  Temple: 277 daAuts
Gauntlet: 234 daAuts
    D:11: 197 daAuts
